 Dungeon Crawl Stone Soup version 0.22-a0-110-g5b255cf (webtiles) character file.

28937 pkoi the Carver (level 13, 0/116 HPs)
             Began as a Minotaur Fighter on Jan 27, 2018.
             Was a High Priest of Okawaru.
             Killed from afar by Frances (33 damage)
             ... with an iron shot
             ... on level 14 of the Dungeon.
             The game lasted 00:33:16 (13064 turns).

pkoi the Carver (Minotaur Fighter)                 Turns: 13064, Time: 00:33:17

Health: 0/116      AC: 36    Str: 25    XL:     13   Next: 12%
Magic:  12/18      EV: 10    Int:  5    God:    Okawaru [*****.]
Gold:   616        SH: 15    Dex: 11    Spells: 12/12 levels left

rFire    . . .     SeeInvis .   B - +1 scimitar (flame)
rCold    + . .     Gourm    .   c - +0 shield
rNeg     . . .     Faith    .   j - +10 plate armour {ponderous}
rPois    +         Spirit   .   (helmet restricted)
rElec    .         Reflect  .   N - +2 cloak
rCorr    .         Harm     .   P - +1 pair of gloves {archery}
MR       .....                  m - +1 pair of boots
Stlth    ..........             x - amulet of rage
HPRegen  0.29/turn              i - ring of poison resistance
MPRegen  0.16/turn              R - ring of protection from cold (curse)

@: heroism, finesse, slow
A: retaliatory headbutt, horns 2, MP-powered wands
a: Heroism, Finesse, Renounce Religion, Evoke Berserk Rage


You were on level 14 of the Dungeon.
You worshipped Okawaru.
Okawaru was extremely pleased with you.
You were not hungry.

You visited 1 branch of the dungeon, and saw 15 of its levels.
You also visited: Sewer and Bailey.

You collected 811 gold pieces.
You spent 195 gold pieces at shops.

Inventory:

Hand Weapons
 a - a +0 long sword
 B - a +1 scimitar of flaming (weapon)
 E - a +2 long sword of holy wrath
 O - a +3 long sword of distortion
Missiles
 C - 67 tomahawks of returning (quivered)
 S - 4 poisoned javelins
Armour
 c - a +0 shield (worn)
 j - a +10 plate armour of ponderousness (worn)
 m - a +1 pair of boots (worn)
 N - a +2 cloak (worn)
 P - a +1 pair of gloves of archery (worn)
Jewellery
 i - a ring of poison resistance (left hand)
 x - an amulet of rage (around neck)
 J - an uncursed ring of flight
 R - a cursed ring of protection from cold (right hand)
Wands
 h - a wand of acid (27)
 n - a wand of flame (30)
 u - a wand of paralysis (13)
 G - a wand of clouds (8)
 L - a wand of iceblast (9)
 M - a wand of scattershot (4)
Scrolls
 b - 6 scrolls of remove curse
 e - 10 scrolls of identify
 k - a scroll of enchant weapon
 v - a scroll of blinking
 w - 3 scrolls of fear
 y - 4 scrolls of teleportation
 F - 2 scrolls of enchant armour
 K - a scroll of amnesia
Potions
 d - 4 potions of might
 g - 4 potions of berserk rage
 l - 3 potions of agility
 o - 4 potions of curing
 p - a potion of brilliance
 q - a potion of resistance
 r - 2 potions of heal wounds
 t - a potion of invisibility
 A - a potion of cancellation
 D - a potion of flight
 H - 6 potions of mutation
 I - 3 potions of magic
Comestibles
 f - 36 rations


   Skills:
 - Level 11.4(16.4) Fighting
 + Level 13.6(18.6) Long Blades
 - Level 4.2(9.2) Throwing
 - Level 11.6(16.6) Armour
 + Level 0.0(5.0) Dodging
 + Level 12.8(17.8) Shields
 + Level 8.5 Invocations


You had 12 spell levels left.
You didn't know any spells.

Dungeon Overview and Level Annotations

Branches:
Dungeon (15/15)            Temple (0/1) D:6            Lair (0/6) D:10
    Orc (0/2) D:11
 Vaults: D:13-14     Depths: D:15

Altars:
Dithmenos
Elyvilon
Kikubaaqudgha
Okawaru
Ru
Vehumet
The Shining One

Shops:
D:8 [   D:10 (   D:11 (   D:12 *   D:15 (

Annotations:
D:12 Rupert
D:14 Frances


Innate Abilities, Weirdness & Mutations

You reflexively headbutt those who attack you in melee.
You have a pair of horns on your head.
You expend magic power (3 MP) to strengthen your wands.


Message History

Frances is heavily wounded.
The sixfirhy hits you but does no damage.
You block the sixfirhy's attack.
You slash Frances! You burn Frances.
Frances is severely wounded.
You block the sixfirhy's attack. Frances hits you with a mace!
* * * LOW HITPOINT WARNING * * *
Unknown command.
You slash Frances! You burn Frances.
Frances is severely wounded.
The sixfirhy hits you but does no damage.
Unknown command.
You fail to use your ability.
The sixfirhy hits you.
* * * LOW HITPOINT WARNING * * *
The sixfirhy shocks you!
* * * LOW HITPOINT WARNING * * *
The sixfirhy barely misses you.
Frances screams a word of power!
The iron shot hits you!
You die...

####### ############ ###
....... #.........[# ..#
.......###..!.......####
..#
.......#..#.............
..#
<.......#...#.......####
..#
.....43@..#.........# #
).#
......@3#...#.......# #
..#
.......#..#.........#
..#
.......#.#..........#
..+
.......+.##.........#
..#
.......##########.###
### #+####### #..#
#.......# #.##
#########'## #.#


You could see Frances, a hellwing and 2 sixfirhies.

Vanquished Creatures
  Nessos (D:14)
  Snorg (D:12)
  Josephine (D:10)
  Erolcha (D:10)
  Fannar (D:12)
  A hydra (D:9)
  A centaur warrior (D:15)
  4 two-headed ogres
  Nergalle (D:10)
  The ghost of Omadas the Carver, a novice MiGl of Trog (D:9)
  The ghost of Evablue the Cleaver, a novice FoFi of Okawaru (D:8)
  An unseen horror (D:14)
  An orange crystal statue (D:13)
  An unseen horror (shapeshifter) (D:14)
  3 ugly things
  A manticore (D:10)
  Maurice (D:11)
  4 centaur skeletons
  Psyche (D:9)
  An efreet (D:14)
  A troll (D:10)
  A tengu conjurer (D:15)
  The ghost of exolun the Skirmisher, an amateur BaFi of Cheibriados (D:4)
  A hornet (D:9)
  4 hippogriffs
  2 dream sheep (D:9)
  5 wraiths (D:10)
  A shadow (D:12)
  A basilisk (D:14)
  11 yaks
  Grum (D:10)
  A hungry ghost (D:9)
  A soldier ant (D:12)
  2 water moccasins
  An acid dragon (D:14)
  4 wargs
  8 sky beasts
  4 orc warriors
  A black bear (D:9)
  5 ice beasts
  4 phantoms
  3 wolves (D:10)
  8 centaurs
  5 ogres
  A crocodile (D:11)
  3 big kobolds (D:9)
  12 bullfrogs
  A wyvern zombie (D:14)
  A scorpion (D:12)
  11 killer bees
  2 vampire bats (D:6)
  7 wights
  4 crimson imps
  2 jellies
  A quasit (D:12)
  7 orc priests
  A bullfrog zombie (D:6)
  5 centaur zombies
  2 bullfrog skeletons
  5 hounds
  4 iguanas
  12 orc wizards
  9 worker ants
  22 gnolls
  A howler monkey skeleton (D:11)
  12 adders
  2 shadow imps
  5 oozes
  An adder zombie (D:5)
  An adder skeleton (D:10)
  9 worms
  3 dart slugs
  8 leopard geckos
  39 orcs
  5 ball pythons
  4 bat skeletons (D:6)
  2 bat zombies (D:6)
  5 giant cockroaches
  13 goblins
  17 hobgoblins
  10 jackals
  3 quokkas (D:5)
  17 bats
  4 frilled lizards
  28 kobolds
  A quokka skeleton (D:8)
  9 rats
415 creatures vanquished.

Vanquished Creatures (others)
  2 centaur zombies (D:12)
  A blink frog (shapeshifter) (D:14)
  An acid dragon (D:12)
  A bullfrog zombie (D:12)
  A plant (D:9)
6 creatures vanquished.

Grand Total: 421 creatures vanquished

Notes
Turn   | Place    | Note
-------+----------+-------------------------------------------
     0 | D:1      | pkoi the Minotaur Fighter began the quest for the Orb.
     0 | D:1      | Reached XP level 1. HP: 19/19 MP: 0/0
   120 | D:1      | Reached skill level 3 in Long Blades
   132 | D:1      | Reached XP level 2. HP: 26/26 MP: 1/1
   214 | D:1      | Reached skill level 4 in Long Blades
   497 | D:1      | Reached XP level 3. HP: 24/31 MP: 2/2
  1151 | D:2      | Reached XP level 4. HP: 39/39 MP: 3/3
  1380 | D:2      | Reached skill level 5 in Long Blades
  1504 | D:3      | Gained mutation: You expend magic power (3 MP) to strengthen your wands. [potion of mutation]
  1504 | D:3      | Gained mutation: You are clumsy. (Dex -2) [potion of mutation]
  1504 | D:3      | Lost mutation: You are clumsy. (Dex -2) [potion of mutation]
  1990 | D:3      | Reached XP level 5. HP: 45/45 MP: 4/4
  2329 | D:4      | Noticed an orc warrior
  2330 | D:4      | Reached skill level 5 in Shields
  2360 | D:3      | Killed an orc warrior
  2360 | D:3      | Reached skill level 6 in Long Blades
  2513 | D:3      | Reached XP level 6. HP: 38/51 MP: 5/5
  2852 | D:4      | Reached skill level 7 in Long Blades
  2861 | D:4      | Noticed exolun's ghost (amateur BaFi)
  2885 | D:4      | Killed exolun's ghost
  2885 | D:4      | Reached XP level 7. HP: 53/57 MP: 6/6
  2894 | D:4      | Found a sacrificial altar of Ru.
  2991 | D:4      | Found an iron altar of Okawaru.
  2992 | D:4      | Found a shadowy altar of Dithmenos.
  2994 | D:4      | Found a glowing golden altar of the Shining One.
  2996 | D:4      | Found a radiant altar of Vehumet.
  3000 | D:4      | Became a worshipper of Warmaster Okawaru
  3093 | D:4      | Reached skill level 8 in Long Blades
  3369 | D:5      | Entered Level 5 of the Dungeon
  3402 | D:5      | Reached XP level 8. HP: 66/66 MP: 7/7
  3459 | D:5      | Found a white marble altar of Elyvilon.
  3596 | D:5      | Noticed a two-headed ogre
  3684 | D:4      | Killed a two-headed ogre
  3684 | D:4      | Reached * piety under Okawaru
  3684 | D:4      | Reached ** piety under Okawaru
  3684 | D:4      | Reached skill level 5 in Fighting
  3684 | D:4      | Reached skill level 9 in Long Blades
  3684 | D:4      | Reached skill level 5 in Armour
  4272 | D:6      | Found a staircase to the Ecumenical Temple.
  4312 | D:6      | Reached XP level 9. HP: 74/74 MP: 8/8
  4330 | D:6      | Found a glowing drain.
  4334 | Sewer    | Entered a sewer
  5008 | D:6      | Reached skill level 1 in Invocations
  5100 | D:6      | Found an ancient bone altar of Kikubaaqudgha.
  5224 | D:7      | Reached skill level 10 in Long Blades
  6324 | D:8      | Reached *** piety under Okawaru
  6415 | D:8      | Found a flagged portal.
  6433 | Bailey   | Entered a bailey
  7098 | D:8      | Reached XP level 10. HP: 84/84 MP: 11/11
  7282 | D:8      | Noticed Evablue's ghost (novice FoFi)
  7295 | D:8      | Killed Evablue's ghost
  7295 | D:8      | Reached **** piety under Okawaru
  7516 | D:8      | Found Weogocot's Armour Boutique.
  7884 | D:9      | Reached skill level 11 in Long Blades
  7900 | D:9      | Reached skill level 10 in Shields
  7905 | D:9      | Noticed Omadas's ghost (novice MiGl)
  7933 | D:9      | Killed Omadas's ghost
  8014 | D:9      | You fall through a shaft for 2 floors!
  8014 | D:11     | Noticed Josephine
  8019 | D:10     | Entered Level 10 of the Dungeon
  8029 | D:10     | HP: 2/88 [Josephine/vampiric draining (27)]
  8036 | D:10     | Killed Josephine
  8036 | D:10     | Reached ***** piety under Okawaru
  8036 | D:10     | Reached skill level 5 in Invocations
  8305 | D:9      | Noticed a two-headed hydra
  8310 | D:9      | Killed a four-headed hydra
  8310 | D:9      | Received a gift from Okawaru
  8310 | D:9      | Reached XP level 11. HP: 95/95 MP: 13/13
  8729 | D:9      | Noticed Psyche
  8747 | D:9      | Killed Psyche
  9079 | D:10     | Found Teongo's Weapon Shoppe.
  9091 | D:10     | Noticed Grum
  9115 | D:10     | Killed Grum
  9225 | D:10     | Noticed Erolcha
  9241 | D:10     | Killed Erolcha
  9342 | D:10     | Found a staircase to the Lair.
  9404 | D:10     | Noticed Nergalle
  9434 | D:10     | Killed Nergalle
  9434 | D:10     | Reached skill level 12 in Long Blades
 10070 | D:11     | Noticed a two-headed ogre
 10381 | D:10     | Killed a two-headed ogre
 10381 | D:10     | Reached skill level 10 in Armour
 10670 | D:11     | Received a gift from Okawaru
 10679 | D:11     | Found a staircase to the Orcish Mines.
 10716 | D:11     | Reached XP level 12. HP: 99/106 MP: 16/16
 10736 | D:11     | Noticed Maurice
 10752 | D:11     | Killed Maurice
 10752 | D:11     | Reached skill level 10 in Fighting
 10788 | D:11     | Found Vofrob's Antique Weapon Shoppe.
 10796 | D:11     | Bought a runed long sword for 195 gold pieces
 11097 | D:12     | Noticed Rupert
 11164 | D:12     | Noticed Fannar
 11184 | D:12     | Killed Fannar
 11199 | D:12     | Noticed a two-headed ogre
 11279 | D:12     | Received a gift from Okawaru
 11280 | D:12     | Got a dazzling shortbow {god gift}
 11293 | D:12     | Identified a scroll of acquirement
 11354 | D:12     | Noticed a two-headed ogre
 11356 | D:12     | Found Bacwuc's Assorted Antiques.
 11396 | D:12     | Killed a two-headed ogre
 11458 | D:12     | Noticed Snorg
 11505 | D:12     | Reached skill level 13 in Long Blades
 11506 | D:12     | Killed Snorg
 12388 | D:13     | Noticed a two-headed ogre
 12396 | D:13     | Killed a two-headed ogre
 12408 | D:13     | You fall through a shaft for 2 floors!
 12408 | D:15     | Entered Level 15 of the Dungeon
 12439 | D:15     | Noticed a centaur warrior
 12451 | D:15     | Killed a centaur warrior
 12467 | D:15     | Received a gift from Okawaru
 12586 | D:15     | Found Labu's Weapon Emporium.
 12593 | D:15     | Upgraded the game from 0.22-a0-109-gbeb7240 to 0.22-a0-110-g5b255cf
 12692 | D:14     | Reached ****** piety under Okawaru
 12792 | D:14     | Noticed Nessos
 12809 | D:14     | Killed Nessos
 12809 | D:14     | Reached XP level 13. HP: 99/116 MP: 10/18
 12877 | D:14     | Received a gift from Okawaru
 13043 | D:14     | Noticed Frances
 13064 | D:14     | Killed from afar by Frances

Vault maps used:
D:1:      minmay_arrival_open_corners, minmay_door_square
D:3:      first_ration
D:4:      minitemple, minmay_misc_feat_alley, nicolae_ru_path_of_blood
D:5:      lemuel_doored_altar
D:6:      kennysheep_vampire_church, temple_green, gup_sewer_entry_bowl
D:8:      enter_bailey_3, serial_shops, nicolae_shop_crystal
D:9:      hangedman_ranch, minmay_misc_feat_room, columned_hall_lemuel,
          uniq_psyche
D:10:     lair_entry_dummy, serial_shops, shop, hangedman_decor_peaks_small,
          uniq_grum, uniq_nergalle, uniq_erolcha
D:11:     minmay_orc_entry_guard_dogs, serial_shops, shop_fountains,
          minmay_misc_feat_plants, uniq_josephine, uniq_maurice
D:12:     serial_shops, nicolae_shop_waterfront, uniq_fannar, uniq_rupert,
          uniq_snorg
D:13:     serial_shops, shop_statue, minivault_16
D:14:     lightli_vaults_fourway_checkpoint, hex_tiny, uniq_nessos, uniq_frances
D:15:     gammafunk_enter_depths_forms, nicolae_two_hexagons, serial_shops, shop
Sewer:    sewer_fruit_machine
Bailey:   bailey_axe_2, bailey

Skill      XL: |  1  2  3  4  5  6  7  8  9 10 11 12 |
---------------+-------------------------------------+-----
Long Blades    | 3 4 5 6 7 8 9 10 11 12 13 | 13.6
Shields        | 4 5 7 8 9 10 11 12 | 12.8
Fighting       | 4 5 6 8 9 11 | 11.4
Armour         | 4 5 7 8 10 11 | 11.6
Throwing       | 2 4 |  4.2
Invocations    | 3 5 6 8 |  8.5

Action                   |  1- 3 |  4- 6 |  7- 9 | 10-12 | 13-15 || total
-------------------------+-------+-------+-------+-------+-------++-------
Melee: Long sword        |    63 |     7 |   225 |   904 |    30 ||  1229
       Headbutt          |    18 |    20 |   100 |   211 |    19 ||   368
       Short sword       |    47 |   134 |   206 |       |       ||   387
       Unarmed           |       |       |       |     4 |       ||     4
       Scimitar          |       |       |       |       |    38 ||    38
Throw: Tomahawk          |       |       |     2 |     5 |       ||     7
Invok: Heroism           |       |       |       |    13 |     2 ||    15
       Finesse           |       |       |       |     1 |     1 ||     2
 Abil: Evoke Berserk Rag |       |       |       |     5 |       ||     5
  Use: Scroll            |     1 |     5 |     6 |     4 |       ||    16
       Potion            |       |     6 |     6 |     2 |       ||    14
  Eat: Chunk             |     1 |     6 |    14 |    24 |     1 ||    46
       Ration            |       |       |       |     1 |       ||     1
Armor: Scale mail        |    36 |    16 |       |       |       ||    52
       Chain mail        |       |    12 |     2 |       |       ||    14
       Plate armour      |       |    32 |   212 |   512 |    40 ||   796
       Skin              |       |       |       |     1 |       ||     1
Dodge: Dodged            |    19 |    26 |    73 |   214 |    14 ||   346
Block: Shield            |    50 |    64 |   263 |   506 |    31 ||   914
       Rpst.: Long sword |     5 |       |     8 |    50 |     2 ||    65
       Scimitar          |       |       |       |       |     3 ||     3

Table legend:
 A = Spawn XP
 B = Non-spawn XP
 C = Spawn XP percentage of total XP
 D = Spawn monster count
 E = Non-spawn monster count
 F = Spawn count percentage of total count
 G = Total turns spent on level
                    A         B        C        D         E        F      G
               +---------+---------+-------+---------+---------+-------+---------
         Total |       0 |   41339 |   0.0 |       0 |     419 |   0.0 | 13064
               +---------+---------+-------+---------+---------+-------+---------
           D:1 |       0 |      52 |   0.0 |       0 |      27 |   0.0 |   907
           D:2 |       0 |      72 |   0.0 |       0 |      26 |   0.0 |   548
           D:3 |       0 |     298 |   0.0 |       0 |      29 |   0.0 |  1118
           D:4 |       0 |    1905 |   0.0 |       0 |      23 |   0.0 |  1149
           D:5 |       0 |     466 |   0.0 |       0 |      17 |   0.0 |   528
           D:6 |       0 |     568 |   0.0 |       0 |      21 |   0.0 |   482
           D:7 |       0 |    1169 |   0.0 |       0 |      22 |   0.0 |  1072
           D:8 |       0 |    2777 |   0.0 |       0 |      45 |   0.0 |  1046
           D:9 |       0 |    4603 |   0.0 |       0 |      29 |   0.0 |   945
          D:10 |       0 |    8545 |   0.0 |       0 |      39 |   0.0 |  1882
          D:11 |       0 |    3248 |   0.0 |       0 |      28 |   0.0 |   715
          D:12 |       0 |    7655 |   0.0 |       0 |      29 |   0.0 |   892
          D:13 |       0 |    2284 |   0.0 |       0 |       5 |   0.0 |   153
          D:14 |       0 |    5809 |   0.0 |       0 |      20 |   0.0 |   440
          D:15 |       0 |    1476 |   0.0 |       0 |       3 |   0.0 |   216
         Sewer |       0 |      58 |   0.0 |       0 |      22 |   0.0 |   489
        Bailey |       0 |     354 |   0.0 |       0 |      34 |   0.0 |   482
               +---------+---------+-------+---------+---------+-------+---------
